 Dungeon Crawl Stone Soup version 0.20.1-1-g8b1a95d (webtiles) character file.

11744 MagicOnly the Thaumaturge (level 11, -5/43 HPs)
             Began as a Spriggan Venom Mage on Dec 8, 2017.
             Was an Elder of Hepliaklqana.
             Slain by an eight-headed hydra (8 damage)
             ... on level 1 of the Lair of Beasts on Jan 12, 2018.
             The game lasted 01:33:39 (19910 turns).

MagicOnly the Thaumaturge (Spriggan Venom Mage)    Turns: 19910, Time: 01:33:44

Health: -5/43      AC:  2    Str:  4    XL:     11   Next: 53%
Magic:  25/29      EV: 22    Int: 19    God:    Hepliaklqana [****..]
Gold:   326        SH:  0    Dex: 21    Spells: 24/37 levels left

rFire    . . .     SeeInvis +   r - +2 whip (flame)
rCold    . . .     Gourm    .   (shield restricted)
rNeg     . . .     Faith    .   a - +0 robe
rPois    .         Spirit   .   (helmet restricted)
rElec    .         Reflect  .   (no cloak)
rCorr    .         Harm     +   (gloves unavailable)
MR       ++...                  (boots unavailable)
Stlth    ++++......             F - amulet of harm
Regen    0.2/turn               E - ring of protection from magic
MPRegen  0.3/turn               N - +3 ring of dexterity

@: very quick
A: unfitting armour, reduced essence, see invisible, herbivore 3, speed 3, slow
metabolism 2
a: Recall Ancestor, Ancestor Identity, Transference, Idealise, Renounce Religion


You were on level 1 of the Lair of Beasts.
You worshipped Hepliaklqana.
Hepliaklqana was greatly pleased with you.
You were hungry.

You visited 2 branches of the dungeon, and saw 11 of its levels.

You collected 672 gold pieces.
You spent 346 gold pieces at shops.

Inventory:

Hand Weapons
 r - a +2 whip of flaming (weapon)
 z - a +2 flail of holy wrath
 B - a +4 flail of protection
 C - a +0 dagger of venom
 L - a +2 flail of crushing
Armour
 a - a +0 robe (worn)
 s - a cursed +0 robe
Jewellery
 E - a ring of protection from magic (left hand)
 F - an amulet of harm (around neck)
 N - a +3 ring of dexterity (right hand)
Wands
 k - a wand of acid (0/15)
 v - a wand of scattershot (0/9)
 y - a wand of paralysis (6/24)
 A - a wand of lightning (0/15)
 D - a wand of paralysis (0/24)
Scrolls
 i - 7 scrolls of remove curse
 l - 2 scrolls of enchant weapon {unknown}
 m - a scroll of recharging
 p - 3 scrolls of magic mapping
 q - 3 scrolls of fog
 w - 2 scrolls of enchant armour {unknown}
 G - a scroll of fear {unknown}
 H - a scroll of immolation {unknown}
 I - a scroll of summoning {unknown}
 K - 2 scrolls of blinking {unknown}
 M - 3 scrolls of holy word {unknown}
 O - a scroll of identify
Potions
 d - 7 potions of curing
 e - 2 potions of cancellation
 f - 2 potions of mutation {unknown}
 g - 5 potions of haste
 h - a potion of brilliance {unknown}
 j - 3 potions of flight
 n - a potion of resistance {unknown}
 o - 2 potions of degeneration {unknown}
 t - 2 potions of lignification
 u - 5 potions of heal wounds
Books
 b - a Young Poisoner's Handbook

   Spells                             Type                      Level
   a - Sting                          Conjuration/Poison           1
   b - Poisonous Vapours              Poison/Air                   2
   c - Mephitic Cloud                 Conjuration/Poison/Air       3
   d - Olgreb's Toxic Radiance        Poison                       4
   e - Venom Bolt                     Conjuration/Poison           5
Comestibles
 c - 8 bread rations
 x - 7 royal jellies
 J - 7 fruits


   Skills:
 + Level 0.7 Fighting
 + Level 0.9 Maces & Flails
 + Level 5.4 Dodging
 + Level 8.6 Stealth
 + Level 1.4 Unarmed Combat
 + Level 13.5 Spellcasting
 + Level 4.8 Conjurations
 + Level 0.1 Air Magic
 + Level 11.1 Poison Magic
 + Level 0.8 Invocations
 + Level 2.3 Evocations


You had 24 spell levels left.
You knew the following spells:

 Your Spells              Type           Power        Failure   Level  Hunger
a - Sting                 Conj/Pois      ####         1%          1    None
b - Mephitic Cloud        Conj/Pois/Air  ####....     1%          3    None
c - Olgreb's Toxic Radia  Pois           ######..     1%          4    None
d - Venom Bolt            Conj/Pois      #####.....   5%          5    ####...


Dungeon Overview and Level Annotations

Branches:
Dungeon (9/15)             Temple (0/1) D:5            Lair (2/6) D:9
    Orc (0/2) D:9
  Swamp: Lair:2-4    Shoals: Lair:2-4     Snake: Lair:2-4    Spider: Lair:2-4

Altars:
Hepliaklqana
Makhleb
Ru
Trog

Shops:
D:4 !   D:8 !


Innate Abilities, Weirdness & Mutations

You are very small and have problems with some larger weapons.
You are too small for most types of armour.
You have supernaturally acute eyesight. (SInv)
You are a herbivore.
You cover ground extremely quickly.
You need consume almost no food.
Your life essence is reduced to manifest your ancestor. (-10% HP)


Message History

Gramie2 is destroyed!
Your toxic aura wanes.
Aiming: Paralyse
Press: ? - help, Shift-Dir - straight line, f/p - four-headed hydra
Aim: a four-headed hydra (chance to defeat MR: 20%)
Okay, then.
There is a stone staircase leading up here.
You climb upwards.
The eight-headed hydra closely misses you.
The eight-headed hydra barely misses you.
The eight-headed hydra bites you!
The eight-headed hydra completely misses you.
The eight-headed hydra closely misses you.
The eight-headed hydra bites you. The eight-headed hydra misses you.
The eight-headed hydra completely misses you.
The eight-headed hydra bites you!!
* * * LOW HITPOINT WARNING * * *
The eight-headed hydra barely misses you.
The eight-headed hydra bites you!
You die...

..[.......#.........#####...#
..........##.....#### ##...#
...........#....#.# ##....#
................#######....###
...............#####.......#.#
...............##...........##
.............................#
.............................##
####......#.....@.............#
#######......D.............#
#....................#
##.......>............# ##
##..##.................## .##
###.#####..............R..##
..# ##...# ##..................
..###..### #......<........#.#
...#.#.# #...............###


You could see an eight-headed hydra.

Vanquished Creatures
  A two-headed ogre (D:7)
  Pikel (D:3)
  A komodo dragon (D:9)
  A troll (D:8)
  A jumping spider (shapeshifter) (D:8)
  A hippogriff (D:9)
  A spriggan (D:7)
  A vampire (D:8)
  Sigmund (D:6)
  14 yaks
  Edmund (D:5)
  A water moccasin (Lair:1)
  A swamp drake (D:9)
  A black bear (D:9)
  A sky beast (D:9)
  3 wolves (Lair:1)
  A centaur (D:9)
  5 ogres
  3 gnoll sergeants
  A bullfrog (Lair:1)
  2 scorpions
  A wight (D:9)
  2 howler monkeys
  A jelly (D:8)
  2 orc priests (D:8)
  A bullfrog skeleton (D:4)
  A hound (D:9)
  An iguana (D:4)
  4 worker ants
  14 gnolls
  10 adders
  An ooze (D:3)
  An adder skeleton (D:5)
  3 worms
  4 dart slugs
  A leopard gecko (D:8)
  11 orcs
  3 ball pythons
  6 giant cockroaches
  7 hobgoblins
  17 jackals
  2 quokkas
  7 bats
  8 frilled lizards
  11 goblins
  4 kobolds
  5 rats
171 creatures vanquished.

Vanquished Creatures (collateral kills)
  Maurice (D:8)
  3 spiny frogs (Lair:1)
  A troll (D:9)
  4 yaks
  2 wyverns (D:9)
  A hungry ghost (D:9)
  3 water moccasins (Lair:1)
  A porcupine (Lair:1)
  A phantom (D:4)
  A black bear (D:7)
  A sky beast (D:7)
  2 orc warriors
  A slave (D:4)
  3 wolves (Lair:1)
  A centaur (D:6)
  2 crocodiles
  5 bullfrogs
  A wyvern zombie (D:7)
  A wyvern skeleton (D:9)
  A water moccasin skeleton (D:7)
  4 wights (D:9)
  2 howler monkeys
  3 crimson imps
  2 hounds (D:9)
  A bullfrog skeleton (D:9)
  3 iguanas
  4 orc wizards
  2 hound skeletons
  5 gnolls
  2 adders
  A shadow imp (D:7)
  2 oozes
  2 adder zombies (D:5)
  A worm (D:5)
  2 orcs (D:8)
  A hobgoblin (D:3)
  2 jackals (D:8)
  A kobold (D:3)
  A goblin (D:3)
  A leopard gecko skeleton (D:7)
78 creatures vanquished.

Vanquished Creatures (others)
  7 knights
  2 ancestors (D:4)
  A plant (Lair:1)
10 creatures vanquished.

Grand Total: 259 creatures vanquished

Notes
Turn   | Place    | Note
-------+----------+-------------------------------------------
     0 | D:1      | MagicOnly the Spriggan Venom Mage began the quest for the Orb.
     0 | D:1      | Reached XP level 1. HP: 9/9 MP: 5/5
   444 | D:1      | Reached XP level 2. HP: 13/13 MP: 2/6
  1552 | D:2      | Reached skill level 3 in Spellcasting
  1552 | D:2      | Reached skill level 1 in Conjurations
  1552 | D:2      | Reached XP level 3. HP: 5/16 MP: 1/8
  2158 | D:2      | Reached XP level 4. HP: 21/21 MP: 6/9
  2252 | D:2      | Learned a level 3 spell: Mephitic Cloud
  2981 | D:2      | Reached XP level 5. HP: 24/24 MP: 5/11
  3128 | D:2      | Found a bloodstained altar of Trog.
  3231 | D:2      | Found a faded altar of an unknown god.
  3242 | D:2      | Became a worshipper of Hepliaklqana the Forgotten
  3242 | D:2      | Reached * piety under Hepliaklqana
  4351 | D:3      | Found a sacrificial altar of Ru.
  4517 | D:4      | Noticed a phantom
  4936 | D:4      | Learned a level 4 spell: Olgreb's Toxic Radiance
  4997 | D:4      | Noticed an ogre
  5058 | D:4      | Killed an ogre
  5058 | D:4      | Reached skill level 4 in Spellcasting
  5058 | D:4      | Reached XP level 6. HP: 25/25 MP: 4/13
  5927 | D:4      | Noticed a slave
  5928 | D:4      | Noticed Pikel
  5928 | D:4      | Noticed a slave
  5930 | D:4      | Noticed a slave
  5933 | D:4      | Noticed a slave
  5947 | D:4      | Killed a slave
  6131 | D:3      | Killed Pikel
  6131 | D:3      | Reached skill level 1 in Unarmed Combat
  6131 | D:3      | Reached skill level 5 in Spellcasting
  6131 | D:3      | Reached skill level 5 in Poison Magic
  6131 | D:3      | Reached skill level 1 in Evocations
  6131 | D:3      | Reached XP level 7. HP: 24/28 MP: 1/16
  7020 | D:4      | Found Olaurufa's Distillery.
  7028 | D:4      | Bought 2 potions of lignification for 66 gold pieces
  7028 | D:4      | Bought a potion of heal wounds for 55 gold pieces
  7028 | D:4      | Bought a potion of curing for 33 gold pieces
  7520 | D:4      | Reached ** piety under Hepliaklqana
  7521 | D:4      | Remembered your ancestor gramie2 as a knight
  7626 | D:4      | Reached skill level 6 in Spellcasting
  7626 | D:4      | Reached XP level 8. HP: 33/33 MP: 10/18
  7849 | D:5      | Entered Level 5 of the Dungeon
  8030 | D:5      | Reached skill level 5 in Dodging
  8559 | D:5      | Reached skill level 7 in Spellcasting
  8700 | D:5      | Noticed Edmund
  8717 | D:5      | Killed Edmund
  8727 | D:5      | Found a staircase to the Ecumenical Temple.
  9632 | D:6      | Reached skill level 8 in Spellcasting
  9755 | D:6      | Noticed Sigmund
  9973 | D:6      | Killed Sigmund
  9973 | D:6      | Reached XP level 9. HP: 36/36 MP: 12/22
 10223 | D:6      | Reached *** piety under Hepliaklqana
 11001 | D:7      | Reached skill level 5 in Stealth
 11109 | D:7      | Found a burning altar of Makhleb.
 11363 | D:7      | Reached skill level 9 in Spellcasting
 11738 | D:7      | Noticed a two-headed ogre
 11798 | D:7      | Killed a two-headed ogre
 12133 | D:7      | Reached skill level 10 in Spellcasting
 12539 | D:8      | Noticed Maurice
 12858 | D:8      | Found Jalol's Distillery.
 12932 | D:8      | Bought a potion of curing for 36 gold pieces
 12932 | D:8      | Bought a potion of heal wounds for 60 gold pieces
 12932 | D:8      | Bought a potion of curing for 36 gold pieces
 12932 | D:8      | Bought a potion of heal wounds for 60 gold pieces
 12947 | D:8      | Noticed a jumping spider
 12966 | D:8      | Killed a jumping spider
 13148 | D:8      | Reached XP level 10. HP: 21/39 MP: 25/25
 13509 | D:8      | Learned a level 5 spell: Venom Bolt
 13900 | D:8      | Killed Maurice
 14225 | D:9      | Reached skill level 11 in Spellcasting
 14507 | D:9      | Found a staircase to the Orcish Mines.
 14968 | D:9      | Reached **** piety under Hepliaklqana
 15751 | D:9      | Reached skill level 10 in Poison Magic
 15793 | D:9      | Reached skill level 12 in Spellcasting
 16713 | D:9      | Found a staircase to the Lair.
 16828 | D:9      | Reached XP level 11. HP: 43/43 MP: 23/28
 16876 | Lair:1   | Entered Level 1 of the Lair of Beasts
 17936 | Lair:1   | Reached skill level 13 in Spellcasting
 18186 | Lair:1   | Noticed an eight-headed hydra
 19876 | Lair:2   | Noticed a four-headed hydra
 19910 | Lair:1   | Slain by an eight-headed hydra

Skill      XL: |  1  2  3  4  5  6  7  8  9 10 11 |
---------------+----------------------------------+-----
Spellcasting   | 3 4 5 6 8 10 12 13 | 13.5
Conjurations   | 1 2 3 4 |  4.8
Dodging        | 4 5 |  5.4
Poison Magic   | 4 5 7 8 10 11 | 11.1
Stealth        | 4 5 6 8 |  8.6
Unarmed Combat | 1 |  1.4
Evocations     | 1 2 |  2.3
Fighting       | |  0.7
Maces & Flails | |  0.9
Air Magic      | |  0.1
Invocations    | |  0.8

Action                   |  1- 3 |  4- 6 |  7- 9 | 10-12 || total
-------------------------+-------+-------+-------+-------++-------
Melee: Unarmed           |    46 |    38 |       |       ||    84
       Whip              |       |       |    29 |    27 ||    56
       Flail             |       |       |     2 |       ||     2
 Cast: Sting             |    94 |   188 |   120 |       ||   402
       Mephitic Cloud    |       |     3 |       |       ||     3
       Olgreb's Toxic Ra |       |     1 |    35 |    61 ||    97
       Venom Bolt        |       |       |       |    25 ||    25
Invok: Ancestor Identity |       |     1 |       |       ||     1
       Recall Ancestor   |       |       |     6 |    12 ||    18
       Ancestor Life: Kn |       |       |     1 |       ||     1
       Transference      |       |       |     1 |       ||     1
       Idealise          |       |       |       |     1 ||     1
Evoke: Wand              |       |     3 |     4 |     7 ||    14
  Use: Scroll            |       |     6 |     1 |     3 ||    10
       Potion            |       |     2 |     1 |     1 ||     4
 Stab: Sleeping          |       |       |     2 |       ||     2
       Paralysed         |       |       |     3 |    16 ||    19
  Eat: Bread ration      |       |     1 |     1 |     2 ||     4
       Fruit             |       |       |       |     1 ||     1
Armor: Robe              |    14 |     1 |     2 |     2 ||    19
Dodge: Dodged            |    72 |    70 |    42 |    39 ||   223
